 Dungeon Crawl Stone Soup version 0.21-a0-417-g0adc95b (webtiles) character file.

1484 Ijustatesigmund the Sneak (level 8, -1/85 HPs)
             Began as an Octopode Assassin on Nov 3, 2017.
             Slain by a hippogriff (6 damage)
             ... on level 7 of the Dungeon.
             The game lasted 00:15:15 (6673 turns).

Ijustatesigmund the Sneak (Octopode Assassin)       Turns: 6673, Time: 00:15:16

Health: -1/85      AC:  1    Str: 15    XL:     8   Next: 79%
Magic:  8/8        EV: 17    Int: 14    God:
Gold:   272        SH:  0    Dex: 15    Spells: 7/7 levels left

rFire    . . .     SeeInvis .   p - +3 short sword
rCold    . . .     Gourm    .   (no shield)
rNeg     . . .     Faith    .   (helmet restricted)
rPois    .         Spirit   .   r - amulet of rage
rElec    .         Reflect  .   m - ring of wizardry
rCorr    .         Harm     .   (no ring)
MR       .....                  (no ring)
Stlth    ..........             (no ring)
HPRegen  0.24/turn              (no ring)
MPRegen  0.11/turn              (no ring)
                                (no ring)
                                (no ring)

@: berserking (expiring), very quick
A: almost no armour, stealthy swim, amphibious, 8 rings, constrict 8, camouflage
1, gelatinous body 1
a: Evoke Berserk Rage


You were on level 7 of the Dungeon.
You were near starving.

You visited 1 branch of the dungeon, and saw 8 of its levels.

You collected 272 gold pieces.

Inventory:

Hand Weapons
 a - a +2 dagger
 b - a +0 blowgun
 p - a +3 short sword (weapon)
Missiles
 c - 37 poisoned needles
Jewellery
 d - an uncursed ring of ice
 m - a ring of wizardry (left tentacle)
 r - an amulet of rage (around mantle)
Wands
 h - a wand of random effects (32/48)
 u - a wand of polymorph (5/24)
Scrolls
 g - 2 scrolls of recharging
 i - 2 scrolls of identify
 k - 2 scrolls of remove curse
 t - a scroll of blinking
Potions
 e - a potion of invisibility
 o - a potion of haste
 s - a potion of curing
Comestibles
 f - 3 bread rations
 j - a fruit
 l - 2 meat rations


   Skills:
 + Level 6.1 Fighting
 + Level 6.1 Short Blades
 - Level 2.0 Throwing
 + Level 6.2 Dodging
 - Level 6.3 Stealth


You had 7 spell levels left.
You didn't know any spells.

Dungeon Overview and Level Annotations

Branches:
Dungeon (8/15)
 Temple: D:4-7         Lair: D:8-11

Altars:
Dithmenos
Nemelex Xobeh
Ru

Annotations:
D:8 Erica


Innate Abilities, Weirdness & Mutations

You cannot wear most types of armour.
You are very stealthy in the water. (Stealth+)
You are amphibious.
You can wear up to eight rings at the same time.
You can use your tentacles to constrict eight enemies at once.
Your skin changes colour to match your surroundings (Stealth+).
Your rubbery body absorbs attacks. (AC +1, EV +1)


Message History

The hippogriff is moderately wounded.
The orc hits you with a whip.
* * * LOW HITPOINT WARNING * * *
The hippogriff bites you!
* * * LOW HITPOINT WARNING * * *
The hippogriff barely misses you. The hippogriff claws you.
* * * LOW HITPOINT WARNING * * *
You puncture the hippogriff!
The hippogriff is heavily wounded.
You barely miss the hippogriff. You squeeze the hippogriff!
The hippogriff is almost dead.
The orc barely misses you. The hippogriff barely misses you. x2
The hippogriff closely misses you.
You are near starving!
You closely miss the hippogriff.
The hippogriff is almost dead.
You hit the hippogriff.
The hippogriff is almost dead.
The orc barely misses you. The hippogriff bites you.
You die...

###########.##.
.......Ho%.....
######@######
#.....))(...#
#.####.####.# .
#.......#.# ####.
#.##$##.#.#### .....
#.#...#.#.#..####....
...._.............#
#.#...#.#.#...###.#
#.##.##.#.#..## #.#


You could see a hippogriff and an orc.

Vanquished Creatures
  Sigmund (D:4)
  An ice beast (D:7)
  2 ogres
  Blork the orc (D:4)
  A scorpion (D:5)
  A wight (D:6)
  2 howler monkeys
  A crimson imp (D:5)
  A centaur zombie (D:6)
  A jelly (D:5)
  Crazy Yiuf (D:2)
  2 orc priests
  A hound (D:7)
  A bullfrog skeleton (D:4)
  4 orc wizards
  An iguana (D:4)
  6 worker ants
  Terence (D:2)
  7 adders
  7 gnolls
  3 oozes (D:1)
  An adder skeleton (D:4)
  An adder zombie (D:6)
  3 worms
  A dart slug (D:2)
  2 leopard geckos
  16 orcs
  6 giant cockroaches
  14 goblins
  5 hobgoblins
  7 jackals
  15 kobolds
  3 quokkas (D:3)
  A ball python (D:2)
  4 bats
  8 frilled lizards
  2 leopard gecko skeletons (D:4)
  10 rats
145 creatures vanquished.

Vanquished Creatures (others)
  An orc wizard (D:8)
1 creature vanquished.

Grand Total: 146 creatures vanquished

Notes
Turn   | Place    | Note
-------+----------+-------------------------------------------
     0 | D:1      | Ijustatesigmund the Octopode Assassin began the quest for the Orb.
     0 | D:1      | Reached XP level 1. HP: 14/14 MP: 1/1
    76 | D:1      | Reached XP level 2. HP: 13/19 MP: 2/2
   843 | D:1      | Reached XP level 3. HP: 21/24 MP: 3/3
  1304 | D:2      | Reached XP level 4. HP: 12/29 MP: 4/4
  1991 | D:2      | Found a runed door.
  1995 | D:2      | Noticed Crazy Yiuf
  1999 | D:2      | Killed Crazy Yiuf
  1999 | D:2      | Reached XP level 5. HP: 35/35 MP: 5/5
  2068 | D:2      | Noticed Terence
  2074 | D:2      | Killed Terence
  2497 | D:3      | Found a sparkling altar of Nemelex Xobeh.
  3263 | D:4      | Reached XP level 6. HP: 42/42 MP: 6/6
  3687 | D:4      | Noticed Blork the orc
  3938 | D:4      | Noticed Sigmund
  3946 | D:4      | Killed Sigmund
  3946 | D:4      | Reached XP level 7. HP: 42/48 MP: 7/7
  3962 | D:4      | You fall through a shaft!
  3962 | D:5      | Entered Level 5 of the Dungeon
  4172 | D:4      | Killed Blork the orc
  4496 | D:5      | Reached skill level 5 in Dodging
  5075 | D:5      | Reached skill level 5 in Fighting
  5075 | D:5      | Reached skill level 5 in Short Blades
  5075 | D:5      | Reached XP level 8. HP: 55/55 MP: 8/8
  5906 | D:6      | Found a shadowy altar of Dithmenos.
  5979 | D:7      | HP: 1/56 [ice beast (5)]
  6454 | D:8      | Noticed Erica
  6467 | D:8      | Noticed a wyvern
  6485 | D:7      | Found a sacrificial altar of Ru.
  6659 | D:7      | Noticed a hippogriff
  6673 | D:7      | Slain by a hippogriff

Vault maps used:
D:1:      dpeg_arrival_tiny_d
D:2:      minivault_4, st_stairs_4, uniq_crazy_yiuf_cottage, uniq_terence
D:3:      nemelex_diamond_rough_becter
D:4:      uniq_blork_the_orc, uniq_sigmund
D:5:      first_bread
D:6:      temple_fountains, nicolae_dithmenos_through_a_glass_darkly
D:7:      nicolae_ru_sacrificial_ziggurat
D:8:      uniq_pikel, uniq_erica, uniq_grum

Skill      XL: |  1  2  3  4  5  6  7  8 |
---------------+-------------------------+-----
Dodging        | 2 3 4 5 6 |  6.2
Stealth        | 6 |  6.3
Short Blades   | 3 4 5 6 |  6.1
Fighting       | 3 4 5 6 |  6.1
Throwing       | |  2.0

Action                   |  1- 3 |  4- 6 |  7- 9 || total
-------------------------+-------+-------+-------++-------
Melee: Dagger            |    75 |    54 |       ||   129
       Constrict         |    14 |    28 |    23 ||    65
       Tentacles         |     8 |    23 |    32 ||    63
       Short sword       |       |    89 |   135 ||   224
 Fire: Blowgun           |       |     6 |     5 ||    11
 Abil: Evoke Berserk Rag |       |       |     3 ||     3
Evoke: Wand              |       |       |     3 ||     3
  Use: Scroll            |     7 |     3 |     6 ||    16
       Potion            |     4 |     2 |     2 ||     8
 Stab: Sleeping          |    14 |    11 |    12 ||    37
       Invisible         |       |       |     2 ||     2
       Paralysed         |       |       |     1 ||     1
  Eat: Chunk             |     1 |     7 |     7 ||    15
       Fruit             |       |     1 |     4 ||     5
Armor: Skin              |     6 |    11 |     6 ||    23
Dodge: Dodged            |    42 |    85 |   118 ||   245

Table legend:
 A = Spawn XP
 B = Non-spawn XP
 C = Spawn XP percentage of total XP
 D = Spawn monster count
 E = Non-spawn monster count
 F = Spawn count percentage of total count
 G = Total turns spent on level
                    A         B        C        D         E        F      G
               +---------+---------+-------+---------+---------+-------+---------
         Total |       0 |    2120 |   0.0 |       0 |     146 |   0.0 |  6673
               +---------+---------+-------+---------+---------+-------+---------
           D:1 |       0 |      52 |   0.0 |       0 |      24 |   0.0 |  1136
           D:2 |       0 |     172 |   0.0 |       0 |      37 |   0.0 |  1131
           D:3 |       0 |     104 |   0.0 |       0 |      24 |   0.0 |  1493
           D:4 |       0 |     581 |   0.0 |       0 |      24 |   0.0 |   573
           D:5 |       0 |     517 |   0.0 |       0 |      15 |   0.0 |  1203
           D:6 |       0 |     228 |   0.0 |       0 |       9 |   0.0 |   434
           D:7 |       0 |     454 |   0.0 |       0 |      12 |   0.0 |   685
           D:8 |       0 |      12 |   0.0 |       0 |       1 |   0.0 |    18
               +---------+---------+-------+---------+---------+-------+---------
